AoeStats
← ElMirteitor4000

Arabia

509774206Analyzed
2v2 RM · 5d ago on Sep 28, 2026· 71m 0s· 4 players
Game mode
Random Map
Map size
Medium (4 player)
Population
200
Speed
Normal
Resources
Standard
Victory
Conquest
Starting age
Dark Age
Ending age
Imperial Age
RankedLock teamsTeams togetherTeam positionsShared explorationLock speedFull tech treeHidden civsTurbo modeCheats
Victory
Defeat
🇹🇷 Vietnamese · Türkiye
941
+14
🇹🇷 Khitans · Türkiye
940
+14
🇦🇷 Magyars · Argentina
922
-14
🇦🇷 Slavs · Argentina
884
-14
ElMirteitor4000
9:39 Feudal Age
8:16 Loom
11:01 Double-Bit Axe
22:24 Castle Age
22:07 Bloodlines
23:47 Bow Saw
23:50 Husbandry
23:12 Light Cavalry
23:57 Padded Archer Armor
24:01 Scale Mail Armor
24:08 Scale Barding Armor
24:37 Horse Collar
37:55 Corvinian Army
38:51 Thumb Ring
39:18 Chain Barding Armor
39:14 Leather Archer Armor
38:50 Fletching
39:08 Heavy Plow
43:20 Ballistics
46:31 Imperial Age
44:38 Wheelbarrow
43:49 Town Watch
46:50 Bodkin Arrow
48:48 Heavy Cavalry Archer
50:25 Parthian Tactics
56:45 Theocracy
55:34 Hussar
55:42 Elite Magyar Huszar
59:18 Plate Barding Armor
59:45 Conscription
70:34 Murder Holes
El Bicho
11:16 Feudal Age
12:27 Double-Bit Axe
18:34 Horse Collar
21:31 Castle Age
19:47 Stone Mining
21:10 Scale Barding Armor
23:13 Husbandry
23:39 Chain Barding Armor
23:30 Forging
23:27 Heavy Plow
26:12 Iron Casting
33:47 Gold Mining
34:10 Bow Saw
35:47 Loom
36:39 Wheelbarrow
40:00 Imperial Age
40:03 Elite Boyar
42:02 Conscription
42:43 Gold Shaft Mining
42:27 Detinets
43:05 Crop Rotation
45:59 Hand Cart
47:07 Ballistics
47:47 Chemistry
49:55 Crossbowman
54:30 Druzhina
56:05 Blast Furnace
55:40 Plate Barding Armor
54:56 Fletching
The Joker 7
10:05 Feudal Age
10:37 Double-Bit Axe
10:42 Horse Collar
20:13 Castle Age
19:04 Wheelbarrow
21:11 Forging
20:54 Fletching
21:19 Thumb Ring
21:33 Bow Saw
22:22 Gold Mining
23:55 Crossbowman
25:26 Bodkin Arrow
27:40 Padded Archer Armor
29:54 Ballistics
30:47 Pikeman
31:29 Squires
35:09 Forging
35:01 Scale Mail Armor
35:54 Treadmill Crane
39:26 Leather Archer Armor
39:47 Iron Casting
39:27 Chain Mail Armor
44:15 Imperial Age
41:09 Elite Skirmisher
44:16 Imperial Skirmisher
44:58 Bracer
45:27 Hand Cart
46:35 Chemistry
46:31 Heavy Plow
47:54 Ring Archer Armor
48:34 Two-Man Saw
49:01 Plate Mail Armor
48:52 Loom
49:13 Halberdier
54:41 Paper Money
54:59 Hoardings
59:28 Stone Mining
66:51 Arson
67:48 Caravan
tekin_vision
5:39 Loom
11:15 Feudal Age
12:54 Double-Bit Axe
15:47 Domestication
18:48 Castle Age
17:01 Gold Mining
18:15 Forging
23:32 Stone Mining
25:24 Husbandry
26:13 Wheelbarrow
28:46 Iron Casting
28:17 Scale Barding Armor
29:15 Pastoralism
30:06 Hand Cart
30:08 Scale Mail Armor
31:59 Chain Barding Armor
37:10 Imperial Age
34:28 Town Watch
35:19 Chain Mail Armor
35:21 Bow Saw
35:49 Stone Shaft Mining
36:43 Town Patrol
39:00 Plate Mail Armor
39:06 Plate Barding Armor
39:47 Lamellar Armor
41:10 Elite Steppe Lancer
41:26 Elite Liao Dao
41:52 Light Cavalry
42:52 Ordo Cavalry
47:33 Hussar
66:38 Squires
66:25 Gambesons
66:29 Arson
Connection lost

Rejoining the realm…

Still unreachable

The connection could not be restored.

Session expired

The server has moved on; the page needs a fresh start.